Map: Lerilak Crest

Players

KPdftRepear - Winner!

  • Race: Zerg Zerg
  • League: Platinum

LilDicky

  • Race: Terran Terran
  • League: Diamond

VOD

http://www.twitch.tv/tumescentpie

Description

Time

  • Played on: Jan. 1, 2016, 3:41 p.m.
  • Length: 6:35
Show
View Real Time Build Order
Export as new Build Order

KPdftRepear Zerg - Winner!

Build Orders: Hatch First 

Get SALT Encoding   

  12  0:01  Drone  
  13  0:13  Overlord  
  13  0:18  Drone  
  14  0:23  Drone, Extractor  
  15  0:32  Drone  
  16  0:36  Drone  
  17  0:54  Hatchery  
  16  0:58  Drone  
  17  1:04  Drone  
  18  1:16  Spawning Pool  
  18  1:17  Extractor  
  16  1:21  Drone  
  16  1:23  Drone  
  18  1:33  Drone  
  19  1:41  Drone  
  20  2:00  Drone  
  21  2:02  Hatchery  
  20  2:10  Queen  
  20  2:15  Zergling x2  
  23  2:21  Queen  
  25  2:27  Overlord  
  25  2:33  Metabolic Boost  
  25  2:39  Zergling x2  
  25  2:40  Drone  
  27  2:47  Drone x2  
  29  2:55  Drone x2  
  29  2:58  Extractor  
  30  3:06  Drone x2  
  30  3:07  Drone  
  33  3:13  Queen  
  35  3:21  Drone  
  35  3:22  Drone x2  
  38  3:35  Drone x3  
  38  3:36  Roach Warren  
  38  3:41  Overlord  
  40  3:45  Overlord  
  40  3:53  Overlord  
  39  4:16  Roach  
  39  4:17  Roach x7  
  47  4:20  Overlord  
  55  4:27  Overlord  
  55  4:28  Zergling x2  
  55  4:29  Zergling x2  
  57  4:33  Zergling x4  
  57  4:36  Overlord  
  60  4:38  Ravager x2  
  60  4:39  Ravager  
  60  4:42  Zergling x2  
  63  4:48  Zergling x6  
  66  4:55  Zergling x8  
  69  5:11  Roach x3  
  69  5:12  Roach x2  
  70  5:22  Roach x2  
  70  5:26  Overlord x2  
  71  5:33  Overlord  
  71  5:37  Overlord  
  71  5:42  Overlord  
  71  5:45  Ravager x2  
  71  5:46  Ravager x2  
  71  5:47  Zergling x6  
  78  5:53  Zergling x4  
  80  6:04  Zergling x8  
  80  6:13  Zergling x6  
  80  6:14  Zergling x4  
  80  6:15  Zergling x2  
Show
View Real Time Build Order
Export as new Build Order

LilDicky Terran 

Build Orders: Reaper Expand, MMM Bio 

Get SALT Encoding   

  12  0:05  SCV  
  13  0:17  SCV  
  13  0:20  Supply Depot  
  14  0:29  SCV  
  15  0:40  Refinery  
  15  0:41  SCV  
  16  0:49  Barracks  
  16  0:59  SCV  
  17  1:11  SCV  
  18  1:26  SCV  
  19  1:44  Reaper, Orbital Command  
  20  1:50  Command Center  
  20  2:09  Supply Depot  
  20  2:11  SCV  
  21  2:17  Barracks  
  21  2:18  Barracks Reactor  
  21  2:20  Barracks  
  21  2:25  SCV  
  22  2:31  Refinery  
  22  2:52  SCV  
  23  3:01  Marine  
  23  3:02  SCV, Marine  
  26  3:06  Barracks Tech Lab  
  26  3:09  Barracks Tech Lab  
  26  3:13  Barracks x2  
  26  3:17  SCV  
  26  3:19  Orbital Command  
  27  3:22  Marine x2  
  29  3:30  SCV  
  30  3:35  Stimpack  
  30  3:39  Combat Shields  
  30  3:44  SCV  
  30  3:45  SCV  
  30  3:48  Marine  
  33  3:49  Marine  
  33  3:52  Marine  
  33  3:55  Marine  
  36  3:59  SCV  
  36  4:01  Barracks Reactor  
  37  4:04  Barracks Reactor  
  37  4:06  Marine  
  37  4:08  Marine  
  38  4:10  Marine  
  38  4:13  Marine  
  38  4:15  SCV  
  41  4:21  SCV  
  41  4:23  Factory, Marine  
  43  4:27  SCV, Marine  
  43  4:30  Marine  
  46  4:37  Supply Depot  
  46  4:40  Supply Depot  
  46  4:58  SCV, Marine x7  
  46  4:59  Supply Depot  
  54  5:04  Marine  
  55  5:07  Factory Reactor, Starport  
  55  5:16  Marine x3  
  55  5:20  Marine x2  
  55  5:28  Marine x3  
  50  5:30  SCV x2  
  50  5:34  Marine  
  53  5:40  Marine x4  
  53  5:42  Concussive Shells  
  57  5:46  Marauder x2  
  61  5:53  SCV  
  61  5:56  Medivac  
  61  5:57  Medivac  
  66  5:58  Marine x2  
  66  5:59  Marine  
  66  6:00  Marine  
  70  6:07  Supply Depot  
  70  6:08  SCV  
  70  6:09  SCV  
  70  6:10  Marine  
  70  6:11  Marine  
  70  6:12  Marauder  
Tags
 
Add a new tag
Caveats
  • Supply blocks, unpowered buildings, or Contaminate may cause inaccurate times.
  • Supply counts are checked every 10 seconds.